Match 46369154
Unlisted

Match 46369154
End
Selects Australian Defense Battlegroup
Selects Australian Light Infantry Section
Australian Light Infantry Section
Construct Section Command Post
Dingo Light Scout Car
Infantry Section
Infantry Section
Construct Platoon Command Post
Humber Armored Car
Humber Armored Car
6-pounder Anti-tank Gun Team
Unlock Bishop Self-propelled Artillery
Construct Field Infirmary
Bishop Self-propelled Artillery
Selects 2-pounder Anti-tank Gun Team
Bishop Self-propelled Artillery
Selects Vehicle Over Repair
Infantry Section
Infantry Section
Construct Company Command Post
Matilda II Heavy Tank
Armored Vehicle Training
Matilda II Heavy Tank
Selects CMP 15cwt Supply Run
Selects Reinforced Resource Caches
6-pounder Anti-tank Gun Team
Royal Engineer Section
Selects Charged Creeping Barrage
Royal Engineer Section
Unlock Towed 17-pounder Anti-tank Guns
Charged Creeping Barrage
17-pounder Anti-tank Gun Team
UMirinBrah?
Ghost
(KCC)MGfirst
sweetfinger
0
0

Comments sign in to comment!

No comments posted yet!